 Dungeon Crawl Stone Soup version 0.27-a0-1147-gb3d8e82157 (webtiles) character file.

Game seed: 2784991911558081656

1421 kae the Carver (level 8, -9/65 HPs)
             Began as a Demonspawn Abyssal Knight on May 11, 2021.
             Was an Elder of Lugonu.
             Mangled by Harold
             ... wielding a +2 vorpal long sword
              (17 damage)
             ... on level 6 of the Dungeon.
             The game lasted 00:07:00 (8055 turns).

kae the Carver (Demonspawn Abyssal Knight)          Turns: 8055, Time: 00:07:01

Health: -9/65      AC:  8    Str: 15    XL:     8   Next: 44%
Magic:  9/9        EV: 10    Int: 13    God:    Lugonu [****..]
Gold:   303        SH:  0    Dex: 13    Spells: 7/7 levels left

rFire    . . .     SeeInvis .   a - +2 falchion (venom)
rCold    . . .     Faith    .   (no shield)
rNeg     . . .     Spirit   .   h - +0 ring mail
rPois    +         Reflect  .   k - +1 hat
rElec    .         Harm     .   (no cloak)
rCorr    .         Rampage  .   (no gloves)
Will     .....                  (no boots)
Stlth    +.........             (no amulet)
HPRegen  0.20/turn              j - ring of poison resistance
MPRegen  0.11/turn              (no ring)

@: no status effects
A: horns 1, icy blue scales 1, spiny 2, demonic magic 1
a: Renounce Religion, Depart the Abyss, Bend Space, Banish, Corrupt


You were on level 6 of the Dungeon.
You worshipped Lugonu.
Lugonu was greatly pleased with you.
You visited 1 branch of the dungeon, and saw 7 of its levels.
You visited the Abyss 1 time.

You collected 303 gold pieces.

Inventory:

Hand Weapons
 a - a +2 falchion of venom (weapon)
Armour
 b - a +1 leather armour
 h - a +0 ring mail (worn)
 k - a +1 hat (worn)
Jewellery
 j - a ring of poison resistance (left hand)
Scrolls
 d - 2 scrolls of amnesia
Potions
 c - 2 potions of curing
 e - a potion of attraction
 f - 3 potions of cancellation {unknown}
 g - 2 potions of haste
 i - a potion of resistance
 l - a potion of berserk rage {unknown}
 n - a potion of might {unknown}


   Skills:
 + Level 6.7 Fighting
 * Level 8.1 Long Blades
 - Level 1.7 Armour
 - Level 0.8 Dodging
 - Level 2.4 Invocations


You had 7 spell levels left.
You didn't know any spells.
Your spell library contained the following spells:

 Spells                   Type           Power      Damage    Failure   Level
 Beastly Appendage        Tmut           0%         N/A       52%         1
 Summon Small Mammal      Summ           0%         N/A       52%         1
 Call Imp                 Summ           0%         N/A       65%         2
 Wereblood                Tmut           0%         N/A       65%         2
 Call Canine Familiar     Summ           0%         N/A       87%         3
 Spider Form              Tmut/Pois      0%         N/A       87%         3
 Summon Guardian Golem    Hex/Summ       0%         N/A       87%         3
 Ice Form                 Ice/Tmut       0%         N/A       99%         4
 Summon Ice Beast         Ice/Summ       0%         N/A       99%         4
 Summon Lightning Spire   Summ/Air       0%         N/A       99%         4
 Hydra Form               Tmut           0%         N/A       100%        5


Dungeon Overview and Level Annotations

Branches:
Dungeon (7/15)
 Temple: D:4-7

Altars:

Annotations:
D:6 Harold


Innate Abilities, Weirdness & Mutations

You have a pair of small horns on your head.
You are partially covered in icy blue scales. (AC +2)
You are mostly covered in sharp spines.
Spells you cast may paralyse adjacent enemies.


Message History

Lugonu accepts your kill.
Your Long Blades skill increases to level 8!
You start resting.
HP restored.
There is a stone staircase leading down here.
You climb downwards.
Level annotation: Harold The orc is struck by your spines.
The orc hits you but does no damage. x2
There is a stone staircase leading up here.
You hit the orc.
You kill the orc!
Lugonu accepts your kill.
You slash the orc!
You kill the orc!
Lugonu accepts your kill. Harold is struck by your spines.
Harold hits you with a +2 vorpal long sword!!
You climb upwards.
There is a stone staircase leading down here.
You hit Harold.
Harold is poisoned.
Your headbutt misses Harold.
Harold is lightly wounded.
Harold hits you with a +2 vorpal long sword.
You hit Harold but do no damage.
Harold looks as sick as possible!
You headbutt Harold, but do no damage.
Harold is lightly wounded.
Harold is struck by your spines.
Harold hits you with a +2 vorpal long sword.
You hit Harold but do no damage.
Harold is moderately wounded.
Harold hits you with a +2 vorpal long sword.
You hit Harold but do no damage.
Harold looks as sick as possible!
Harold is moderately wounded.
You hit Harold.
Harold looks as sick as possible!
Harold is heavily wounded.
Harold hits you with a +2 vorpal long sword!
* * * LOW HITPOINT WARNING * * *
x2 You hit Harold.
You headbutt Harold.
Harold is heavily wounded.
Harold hits you with a +2 vorpal long sword!
You die...

#...######
#.####.... #.# #.###
#.# #.# #
#########.# #.# #
###....#....####.# #
#...##...........# #
#...#....######### #
#..@#....### #
#..@#.))...# #
#...#.)###+#########
###.#.)##..........#
#..........<.....#
######...........#
#........####
##.......# #
#.......# #


You could see Harold (extremely poisoned).

Vanquished Creatures
  Menkaure (D:6)
  A sky beast (D:5)
  3 orc warriors
  An ogre (D:7)
  3 phantoms
  A scorpion (D:6)
  A bullfrog skeleton (D:5)
  A hound (D:6)
  2 orc priests (D:6)
  A jelly (D:6)
  An iguana (D:7)
  5 orc wizards
  3 gnolls (D:5)
  5 adders
  A shadow imp (D:5)
  An adder skeleton (D:4)
  2 worms
  3 dart slugs
  19 orcs
  16 endoplasms
  5 giant cockroaches
  15 goblins
  8 hobgoblins
  12 jackals
  11 kobolds
  4 quokkas
  3 ball pythons
  12 bats
  4 frilled lizards
  12 rats
157 creatures vanquished.

Notes
Turn   | Place    | Note
-------+----------+-------------------------------------------
     0 | Abyss:1  | kae the Demonspawn Abyssal Knight began the quest for the
                  | Orb.
     0 | Abyss:1  | Reached XP level 1. HP: 18/18 MP: 2/2
    42 | Abyss:1  | Noticed a large abomination
    45 | D:1      | Escaped the Abyss
    60 | D:1      | Found a runed translucent door.
    82 | D:1      | Reached skill level 2 in Long Blades
   509 | D:1      | Gained mutation: Spells you cast may paralyse adjacent
                  | enemies. [demonic ancestry]
   509 | D:1      | Reached XP level 2. HP: 18/24 MP: 3/3
   518 | D:1      | Reached * piety under Lugonu
   873 | D:1      | Found a faded altar of an unknown god.
   977 | D:1      | Gained mutation: You are partially covered in icy blue
                  | scales. (AC +2) [demonic ancestry]
   977 | D:1      | Reached XP level 3. HP: 14/29 MP: 4/4
  1475 | D:1      | Reached skill level 3 in Long Blades
  1583 | D:1      | Reached ** piety under Lugonu
  1598 | D:1      | HP: 1/29 [endoplasm (3)]
  2087 | D:2      | Gained mutation: You are partially covered in sharp spines.
                  | [demonic ancestry]
  2087 | D:2      | Reached XP level 4. HP: 26/37 MP: 5/5
  3569 | D:3      | Reached *** piety under Lugonu
  3577 | D:3      | Reached skill level 4 in Long Blades
  3688 | D:3      | Gained mutation: You have a pair of small horns on your
                  | head. [demonic ancestry]
  3688 | D:3      | Reached XP level 5. HP: 20/42 MP: 6/6
  4279 | D:4      | Noticed a phantom
  4287 | D:4      | Killed a phantom
  4351 | D:4      | Reached XP level 6. HP: 42/49 MP: 7/7
  4589 | D:5      | Entered Level 5 of the Dungeon
  4601 | D:5      | Reached skill level 5 in Long Blades
  5218 | D:5      | Noticed a sky beast
  5226 | D:5      | Killed a sky beast
  5227 | D:5      | Reached skill level 5 in Fighting
  5227 | D:5      | Gained mutation: You are mostly covered in sharp spines.
                  | [demonic ancestry]
  5227 | D:5      | Reached XP level 7. HP: 50/56 MP: 8/8
  5689 | D:6      | Reached skill level 6 in Long Blades
  5972 | D:6      | HP: 2/56 [orc/+0 flail (3)]
  6328 | D:6      | Reached **** piety under Lugonu
  6652 | D:6      | Identified the +7 long sword "Globulus" {drain, Str+6}
  6777 | D:6      | Reached skill level 7 in Long Blades
  6792 | D:6      | Reached XP level 8. HP: 8/64 MP: 9/9
  6793 | D:6      | HP: 2/64 [orc/+0 war axe (6)]
  7567 | D:7      | Noticed Harold
  7568 | D:7      | Noticed Menkaure
  7843 | D:6      | Killed Menkaure
  7844 | D:6      | Reached skill level 8 in Long Blades
  8055 | D:6      | Mangled by Harold

Illustrated notes

Levels and vault maps discovered:
D:1:      dpeg_arrival_caged_fury, layout_loops_cross,
          hellmonk_ecumenical_altar_pennies_from_heaven,
          chequers_decorated_corner
D:2:      layout_basic, minivault_5
D:3:      layout_basic
D:4:      layout_loops_cross
D:5:      layout_loops_corners, chequers_hall_statues_corner_a
D:6:      layout_basic, hangedman_decor_lopped
D:7:      layout_layer_cave, minmay_temple_entry_gardened_gates, uniq_harold,
          uniq_menkaure

Skill      XL: |  1  2  3  4  5  6  7  8 |
---------------+-------------------------+-----
Long Blades    | 2 3 4 5 7 8 |  8.1
Fighting       | 4 5 6 |  6.7
Armour         | |  1.7
Dodging        | |  0.8
Invocations    | |  2.4

Action                   |  1- 3 |  4- 6 |  7- 9 || total
-------------------------+-------+-------+-------++-------
Melee: Falchion          |   143 |   159 |    79 ||   381
       Headbutt          |       |    18 |    22 ||    40
Invok: Depart the Abyss  |     1 |       |       ||     1
  Use: Scroll            |     3 |     8 |     6 ||    17
       Potion            |       |       |     2 ||     2
 Stab: Distracted        |     1 |       |       ||     1
Armor: Leather armour    |    39 |     2 |       ||    41
       Ring mail         |       |    49 |    14 ||    63
Dodge: Dodged            |    93 |    67 |    31 ||   191
       Rpst.: Falchion   |    34 |    20 |    11 ||    65

Table legend: (Time is in decaauts)
 A = Elapsed time spent in this place.
 B = Non-inter-level travel time spent in this place.
 C = Inter-level travel time spent in this place.
 D = Time resting spent in this place.
 E = Time spent auto-exploring this place.
 F = Levels seen in this place.
 G = Mean time per level.
                   A        B        C        D        E       F      G
               +--------+--------+--------+--------+--------+-----+--------+
         Total |   8074 |   7922 |    152 |   2090 |   4837 |   8 | 1009.2 |
       Dungeon |   8029 |   7877 |    152 |   2090 |   4795 |   7 | 1147.0 |
         Abyss |     45 |     45 |      0 |      0 |     42 |   1 |   45.0 |
               +--------+--------+--------+--------+--------+-----+--------+

Top non-repeatable levels by time:
     D:1: 2010 daAuts
     D:6: 1725 daAuts
     D:5: 1430 daAuts
     D:3: 979 daAuts
     D:2: 869 daAuts
     D:4: 721 daAuts
     D:7: 291 daAuts
 Abyss:1: 45 daAuts
